Description

WANNA CRUSH SOME TERRANS ?! Your goal is to go for 3 bases with 41 drones on 3 gases. This economy is enough to build around 15-20 and reinforce with speedlings. Morph 5-10 Ravager with the the gas you keep mining. hf gl on ladder!

VOD

https://www.youtube.com/watch?v=YET5GEQN_pY&feature=youtu.be

Replay - ZvT- Roach Raveger ling allin

Build Order

Get SALT Encoding   

Spawning Tool Build Advisor. Get it on Overwolf

Analysis

13 0:12 Overlord
17 0:52 Hatchery
18 1:11 Extractor
17 1:15 Spawning Pool
19 1:41 Overlord
19 2:03 Zergling x4
19 2:04 Queen
24 2:13 Metabolic Boost
28 2:35 Queen
31 2:40 Queen
34 2:47 Overlord
36 3:02 Overlord
36 3:10 Queen
45 3:31 Hatchery
45 3:34 Overlord
46 3:43 Roach Warren, Extractor,
46 3:44 Extractor,
46 3:54 Overlord
49 3:57 Overlord
49 4:07 Overlord x2
49 4:23 Roach x4
59 4:27 Roach x3
65 4:34 Overlord
65 4:38 Overlord
63 4:46 Roach x3
63 4:47 Roach
63 4:49 Ravager x2
73 4:56 Overlord
73 4:57 Zergling x4
73 4:58 Zergling x2
76 5:05 Ravager
76 5:06 Ravager x2
79 5:07 Zergling x2
79 5:08 Zergling x8
79 5:14 Overlord x2
84 5:20 Zergling x6
84 5:31 Zergling x12
83 5:37 Zergling x2
83 5:38 Zergling x8
88 5:45 Lair
88 5:48 Zergling x2
88 5:49 Zergling x4
91 5:50 Evolution Chamber
91 5:51 Evolution Chamber
87 6:07 Zergling x16
91 6:28 Zergling x4
91 6:29 Zergling x10
96 6:57 Hydralisk Den
76 7:18 Extractor
76 7:19 Extractor
76 7:22 Extractor
74 7:25 Infestation Pit
74 7:26 Hatchery

Go to:

Details

  • Created by: birdy     
  • Published on: Nov 06, 2017
  • Modified on: Dec 29, 2017
  • Patch: 3.8.0
Show
View Real Time Build Order
Export as new Build Order

Comments (0)

There are no comments. Be the first!

Create an account to comment!